 Dungeon Crawl Stone Soup version 0.30.0-5-g1a98f26d00 (webtiles) character file.

Game seed: 17467626564127302600

389 Kranky the Shield-Bearer (level 6, -1/62 HPs)
             Began as a Troll Fighter on May 12, 2023.
             Slain by a gnoll
             ... wielding a +0 flail
             ... led by a gnoll bouda
              (7 damage)
             ... on level 4 of the Dungeon.
             The game lasted 00:04:37 (1935 turns).

Kranky the Shield-Bearer (Troll Fighter)            Turns: 1935, Time: 00:04:38

Health: -1/62      AC:  4    Str: 25    XL:     6   Next: 49%
Magic:  5/5        EV:  9    Int:  6    God:
Gold:   164        SH:  8    Dex:  9    Spells: 5/5 levels left

rFire   . .          .
                       - Unarmed
rCold   . . .        b - +0 kite shield
rNeg    . . .        a - +0 robe
rPois   .            (helmet restricted)
rElec   .            (no cloak)
rCorr   .            (gloves unavailable)
SInv    .            (boots unavailable)
Will    .....        (no amulet)
Stlth   +            (no ring)
HPRegen 1.10/turn    (no ring)
MPRegen 0.09/turn

%: no passive effects
@: weakened
A: large, unfitting armour, claws 3, regeneration 1, shaggy fur 1, tough skin 1
a: no special abilities


You were on level 4 of the Dungeon.
You visited 1 branch of the dungeon, and saw 4 of its levels.

You collected 164 gold pieces.

Inventory:

Armour
 a - a +0 robe (worn)
 b - a +0 kite shield (worn)
Wands
 r - a wand of paralysis (7)
Scrolls
 d - a scroll of silence {unknown}
 e - 3 scrolls of identify {unknown}
 h - a scroll of noise {unknown}
 i - 2 scrolls of vulnerability {unknown}
 j - 2 scrolls of poison {unknown}
 k - a scroll of brand weapon {unknown}
 m - 3 scrolls of teleportation {unknown}
 n - a scroll of fog {unknown}
 o - a scroll of enchant armour {unknown}
Potions
 c - a potion of might
 f - 2 potions of haste {unknown}
 g - a potion of curing {unknown}
 l - a potion of magic {unknown}
 p - a potion of berserk rage {unknown}
 q - a potion of invisibility {unknown}


   Skills:
 + Level 4.0 Fighting
 - Level 2.4 Dodging
 + Level 4.4 Shields
 + Level 4.3 Unarmed Combat


You had 5 spell levels left.
You didn't know any spells.
Your spell library contained the following spells:

 Spells                   Type           Power      Damage    Failure   Level
 Sting                    Tmut/Pois      0%         1d3       71%         1
 Tukima's Dance           Hex            0%         N/A       97%         3
 Passage of Golubria      Tloc           0%         N/A       100%        4
 Yara's Violent Unravell  Hex/Tmut       0%         3d3       100%        5


Dungeon Overview and Level Annotations

Branches:
Dungeon (4/15)
 Temple: D:4-7

Altars:
Ru
Sif Muna
Trog

Annotations:
D:3 1 runed translucent door, superbruh's ghost, amateur MiMo


Innate Abilities, Weirdness & Mutations

You are too large for most types of armour.
You have claws for hands.
Your natural rate of healing is unusually fast.
You are covered in fur. (AC +1)
You have tough skin. (AC +1)


Message History

Natasha stares at you and mumbles some strange words.
You resist with some effort.
You claw Natasha!
You kill Natasha!
Natasha screams in pain as she dies!
You block the gnoll's attack.
You barely miss the hobgoblin.
The hobgoblin hits you but does no damage.
The gnoll hits you from afar with a +0 halberd!
You claw the hobgoblin!
You kill the hobgoblin!
The gnoll hits you from afar with a +0 halberd.
You are too injured to fight recklessly!
You are too injured to fight recklessly!
You are too injured to fight recklessly!
You are too injured to fight recklessly!
You are too injured to fight recklessly!
You scratch the gnoll bouda.
The gnoll bouda is lightly wounded.
You block the gnoll's attack.
A kobold comes into view. It is wielding a +0 club.
You block the gnoll's attack.
The gnoll bouda hits you but does no damage.
Items here: ) †††.
You mangle the gnoll bouda!!
The gnoll bouda is almost dead.
You block the gnoll's attack. The gnoll hits you with a +0 flail!
The gnoll hits you with a +0 flail.
The gnoll bouda hits you with a +0 club.
* * * LOW HITPOINT WARNING * * *
The gnoll attacks as you move away! You block the gnoll's attack.
The gnoll attacks as you move away! The gnoll hits you with a +0 halberd!
* * * LOW HITPOINT WARNING * * *
The gnoll hits you but does no damage.
The gnoll bouda gazes fiercely through you!
You feel your attacks grow feeble.
The gnoll bouda hits you with a +0 club.
* * * LOW HITPOINT WARNING * * *
The gnoll hits you with a +0 flail!
You die...

.# .## ..# ..
#.## ### #..##
... .....##g.#
#.. ###
......ggg#### #
#..##..
.......#@...###
..#.....#
......##))#...#
.......# ...K..
##)###.# ###.>...
.....
#)###.####...#...
.....
#...#.##...##..<.
....
###........)..#.)
....
##.............
..........#######
......#......###
#


You could see a gnoll bouda and 3 gnolls.

Vanquished Creatures
  2 ogres (D:3)
  Natasha (twice) (D:4)
  An orc wizard (D:3)
  Robin (D:4)
  A gnoll (D:3)
  4 adders
  A white imp (D:3)
  An ufetubus (D:3)
  4 dart slugs
  7 orcs
  8 ball pythons
  An endoplasm (D:1)
  3 giant cockroaches
  10 goblins
  9 hobgoblins
  4 kobolds
  A quokka (D:2)
  4 bats
  6 frilled lizards
  5 rats
75 creatures vanquished.

Notes
Turn   | Place    | Note
-------+----------+-------------------------------------------
     0 | D:1      | Kranky the Troll Fighter began the quest for the Orb.
     0 | D:1      | Reached XP level 1. HP: 22/22 MP: 0/0
    68 | D:1      | Found a faded altar of an unknown god.
   179 | D:1      | Reached XP level 2. HP: 27/29 MP: 1/1
   704 | D:2      | Found a sacrificial altar of Ru.
   758 | D:2      | Reached XP level 3. HP: 32/36 MP: 2/2
  1226 | D:3      | Reached XP level 4. HP: 45/45 MP: 3/3
  1291 | D:3      | Found a runed translucent door.
  1298 | D:3      | Noticed a bullfrog
  1300 | D:3      | Noticed superbruh's ghost (amateur MiMo)
  1324 | D:3      | Found a shimmering blue altar of Sif Muna.
  1346 | D:3      | Got Sif Muna's Volume of the Assassin
  1351 | D:3      | Found a bloodstained altar of Trog.
  1372 | D:3      | Noticed an ogre
  1379 | D:3      | Killed an ogre
  1380 | D:3      | Reached XP level 5. HP: 40/53 MP: 4/4
  1589 | D:4      | Noticed an ogre
  1704 | D:3      | Killed an ogre
  1705 | D:3      | Reached XP level 6. HP: 16/62 MP: 5/5
  1833 | D:4      | Noticed Natasha
  1838 | D:4      | Killed Natasha
  1884 | D:4      | Noticed Robin
  1902 | D:4      | Killed Robin
  1919 | D:4      | Noticed Natasha
  1929 | D:4      | Killed Natasha
  1935 | D:4      | Slain by a gnoll

Illustrated notes

Levels and vault maps discovered:
D:1:      minmay_arrival_open_corners, layout_loops_ring,
          hellmonk_ecumenical_altar_crossroads
D:2:      layout_rooms, basic_altar, chequers_serial_rivers_small_3
D:3:      minmay_bubble_buster, layout_rooms,
          nzn_overflow_gifts_of_might_and_magic, ebering_ghost_sewer_d,
          grunt_ministairs_9
D:4:      layout_rooms, temple_hall, gammafunk_ghost_split,
          nicolae_grassy_gnolls, uniq_menkaure, uniq_robin, uniq_duvessa,
          uniq_natasha

Skill      XL: |  1  2  3  4  5  6 |
---------------+-------------------+-----
Shields        | 3 4 |  4.4
Fighting       | 3 4 |  4.0
Unarmed Combat | 3 4 |  4.3
Dodging        | |  2.4

Action                     |  1- 3 |  4- 6 || total
---------------------------+-------+-------++-------
  Melee: Unarmed           |   106 |   102 ||   208
 Armour: Robe              |    45 |    28 ||    73
  Dodge: Dodged            |    29 |    34 ||    63
  Block: Kite shield       |    46 |    47 ||    93
